[Event "ICC tourney 2517 (60 10)"]
[Site "Internet Chess Club"]
[Date "2021.04.17"]
[Round "2"]
[White "WAKIDA, KEN:Yamato1945"]
[Black "CHONG, JOSHUA ETHAN:Joshua1"]
[Result "0-1"]
[ICCResult "White resigns"]
[WhiteElo "1439"]
[BlackElo "1847"]
[Opening "QGD Slav defense: exchange variation"]
[ECO "D13"]
[NIC "SL.01"]
[Time "13:28:32"]
[PlyCount "58"]
[TimeControl "3600+10"]

1. d4 d5 2. c4 c6 3. cxd5 cxd5 4. Nc3 Nf6 5. Bf4 Nc6 6. Nf3 a6 7. e3 Bg4 8.
Be2 e6 9. h3 Bh5 10. O-O Bd6 11. Bxd6 Qxd6 12. a3 O-O 13. b4 Rac8 14. Na4
a5 15. b5 Nb8 16. Nc5 b6 17. Nb3 Nbd7 18. a4 Ne4 19. Nbd2 Ndf6 20. Qb3 Nxd2
21. Nxd2 Bxe2 22. Rfe1 Bh5 23. e4 dxe4 24. Nxe4 Nxe4 25. Rxe4 Bg6 26. Rh4
Rc7 27. Rg4 Rfc8 28. Rg3 h5 29. Qf3 Rc1+ { White resigns } 0-1

[Event "ICC tourney 2517 (60 10)"]
[Site "Internet Chess Club"]
[Date "2021.04.17"]
[Round "2"]
[White "Nieuwerburgh, Paul Alexander:pvnieuwe"]
[Black "MALLADI, EESHAAN VARSHITH SAI:Eeshaan16"]
[Result "0-1"]
[ICCResult "White resigns"]
[WhiteElo "1501"]
[BlackElo "1891"]
[Opening "French: advance, Milner-Barry gambit"]
[ECO "B22"]
[NIC "SI.46"]
[Time "13:28:37"]
[PlyCount "88"]
[TimeControl "3600+10"]

1. e4 c5 2. c3 e6 3. d4 d5 4. e5 Nc6 5. Nf3 Qb6 6. Bd3 cxd4 7. cxd4 Bd7 8.
Bc2 Bb4+ 9. Nc3 Rc8 10. O-O Bxc3 11. bxc3 Na5 12. Bd2 Nc4 13. Bd3 Nb2 14.
Qe2 Nxd3 15. Qxd3 Bb5 16. Qe3 Bxf1 17. Rxf1 Ne7 18. Ng5 h6 19. Qh3 Ng6 20.
f4 hxg5 21. Qf3 gxf4 22. Bxf4 Nxf4 23. Qxf4 Rf8 24. Qg3 Rg8 25. h4 Qb2 26.
h5 Rxc3 27. Qg4 Rd3 28. Rf4 Qc1+ 29. Kh2 Qd1 30. Qg5 Rxd4 31. Rf3 Qe1 32.
Rg3 Rd1 33. Rf3 Qh1+ 34. Kg3 Rg1 35. Kf2 Rf1+ 36. Kg3 Rxf3+ 37. Kxf3 Qf1+
38. Kg3 Qf5 39. Qe3 g5 40. h6 Qf4+ 41. Qxf4 gxf4+ 42. Kxf4 Rxg2 43. a3 Rh2
44. Kg5 d4 { White resigns } 0-1

[Event "ICC tourney 2517 (60 10)"]
[Site "Internet Chess Club"]
[Date "2021.04.17"]
[Round "2"]
[White "KAUR, ARADH:pari538"]
[Black "BURTON, HENRY:HPenguin"]
[Result "0-1"]
[ICCResult "White checkmated"]
[WhiteElo "1477"]
[BlackElo "1828"]
[Opening "Sicilian"]
[ECO "B56"]
[NIC "SI.25"]
[Time "13:28:59"]
[PlyCount "108"]
[TimeControl "3600+10"]

1. e4 c5 2. Nf3 d6 3. d4 cxd4 4. Nxd4 Nf6 5. Nc3 Nc6 6. f3 e5 7. Nb3 Be7 8.
Be3 a6 9. Qd2 b5 10. g4 O-O 11. g5 Ne8 12. Nd5 Rb8 13. O-O-O b4 14. Nxe7+
Qxe7 15. Qd5 Bb7 16. Bxa6 Nc7 17. Qxd6 Qxd6 18. Rxd6 Nxa6 19. Bc5 Rfd8 20.
Rhd1 Rxd6 21. Rxd6 Rd8 22. Rxd8+ Nxd8 23. Bd6 Nc6 24. Nd2 f6 25. gxf6 gxf6
26. f4 Kf7 27. fxe5 Nxe5 28. Bxe5 fxe5 29. Kd1 Nc5 30. Ke2 Nxe4 31. Nxe4
Bxe4 32. c3 bxc3 33. bxc3 Bc6 34. Ke3 Ke6 35. c4 Kd6 36. a3 Kc5 37. Kd3 e4+
38. Kc3 Ba4 39. h3 h6 40. h4 h5 41. Kb2 Kxc4 42. Kc1 Kd3 43. Kb2 Kd2 44.
Kb1 e3 45. Kb2 e2 46. Ka2 Bd7 47. Kb3 e1=Q 48. Kb4 Qe4+ 49. Kb3 Qxh4 50.
Kb2 Qd4+ 51. Kb3 Qc3+ 52. Ka2 Be6+ 53. Kb1 Qb3+ 54. Ka1 Qa2# { White
checkmated } 0-1

[Event "ICC tourney 2517 (60 10)"]
[Site "Internet Chess Club"]
[Date "2021.04.17"]
[Round "2"]
[White "HUANG, JASON:Chesssmolbrain"]
[Black "NEMMALI, PRATEEK R:Priccchess"]
[Result "0-1"]
[ICCResult "White checkmated"]
[WhiteElo "1361"]
[BlackElo "1822"]
[Opening "Queen's pawn game"]
[ECO "D05"]
[NIC "QP.08"]
[Time "13:28:32"]
[PlyCount "106"]
[TimeControl "3600+10"]

1. d4 d5 2. Nf3 e6 3. e3 Nf6 4. Bd3 Nbd7 5. b3 Bd6 6. O-O O-O 7. Nbd2 e5 8.
dxe5 Nxe5 9. Be2 c6 10. Bb2 Qc7 11. Nxe5 Bxe5 12. Bxe5 Qxe5 13. Nf3 Qe7 14.
Bd3 Be6 15. Re1 Rad8 16. h3 Rfe8 17. Qc1 Qc7 18. Qb2 h6 19. Rad1 a6 20. Qc1
Qe7 21. Nd4 c5 22. Nxe6 fxe6 23. c4 Rc8 24. Qb1 Red8 25. Be2 Ne4 26. Qc2
Qf7 27. Bf3 Nf6 28. cxd5 exd5 29. Qb2 b5 30. Re2 c4 31. bxc4 dxc4 32. Rxd8+
Rxd8 33. Rd2 Rxd2 34. Qxd2 Qc7 35. Qc3 Qc5 36. a3 Qd6 37. e4 Nd7 38. Kf1
Ne5 39. Be2 Nc6 40. a4 Kh8 41. g3 Qe6 42. axb5 axb5 43. Bf3 Qxh3+ 44. Bg2
Qe6 45. f4 b4 46. Qc1 c3 47. f5 Qc4+ 48. Ke1 Ne5 49. f6 Nd3+ 50. Kd1 Nxc1
51. f7 Qe2+ 52. Kxc1 Qd2+ 53. Kb1 Qb2# { White checkmated } 0-1

[Event "ICC tourney 2517 (60 10)"]
[Site "Internet Chess Club"]
[Date "2021.04.17"]
[Round "2"]
[White "PICHUGOV, ANDREY:AcridLeaf"]
[Black "Shah, Jai K:nyclic"]
[Result "1/2-1/2"]
[ICCResult "Game drawn by mutual agreement"]
[WhiteElo "1585"]
[BlackElo "1384"]
[Opening "French: exchange variation"]
[ECO "C01"]
[NIC "FR.01"]
[Time "13:29:00"]
[PlyCount "130"]
[TimeControl "3600+10"]

1. e4 e6 2. d4 d5 3. exd5 exd5 4. Bd3 Bd6 5. Nf3 Nf6 6. O-O O-O 7. c3 Bg4
8. Bg5 Nbd7 9. Nbd2 c6 10. Qc2 Qc7 11. h3 Bh5 12. Rfe1 Rfe8 13. a4 h6 14.
Be3 Bxf3 15. Nxf3 Re7 16. b4 b6 17. a5 b5 18. Nd2 Rae8 19. Rf1 Nf8 20. Nb3
N8d7 21. Qc1 Qb8 22. Nc5 Nxc5 23. dxc5 Be5 24. Ra2 Bc7 25. Bb1 Ne4 26. Ra3
Re6 27. Qd1 Bd8 28. Qc1 Bf6 29. Rb3 Qe5 30. Bf4 Nxc3 31. Bxe5 Ne2+ 32. Kh1
Nxc1 33. Rxc1 Rxe5 34. Kh2 Re2 35. Rf3 Rb2 36. Bf5 Rxb4 37. Bd7 Ree4 38.
Bxc6 Rec4 39. Rxc4 Rxc4 40. Bxd5 Rxc5 41. Rd3 b4 42. Bb3 Rxa5 43. Rd7 Kf8
44. Rxf7+ Ke8 45. Rb7 Bc3 46. Kg3 Ra3 47. Bf7+ Kd8 48. Kf4 a5 49. Ke4 a4
50. Kd5 Bd2 51. g3 Rd3+ 52. Kc6 b3 53. Bd5 Bc1 54. Kd6 Ba3+ 55. Ke6 b2 56.
Rb8+ Kc7 57. Rb7+ Kc8 58. Rb5 Rd2 59. f4 Bf8 60. Ba2 a3 61. Kf7 Rd1 62.
Kxf8 Ra1 63. Be6+ Kc7 64. Bf5 g5 65. fxg5 hxg5 { Game drawn by mutual
agreement } 1/2-1/2

[Event "ICC tourney 2517 (60 10)"]
[Site "Internet Chess Club"]
[Date "2021.04.17"]
[Round "2"]
[White "RAJANISH, ABHINAV:Knightboy123"]
[Black "Shah, Rohail:batmanthechamp"]
[Result "1-0"]
[ICCResult "Black checkmated"]
[WhiteElo "1596"]
[BlackElo "1465"]
[Opening "Queen's pawn"]
[ECO "A40"]
[NIC "QO.17"]
[Time "13:28:40"]
[PlyCount "99"]
[TimeControl "3600+10"]

1. d4 e6 2. Bf4 f5 3. h4 Nf6 4. e3 d6 5. c3 b6 6. Nf3 h6 7. Nbd2 Bb7 8. Bc4
Qd7 9. Qb3 d5 10. Bb5 c6 11. Ne5 Qd8 12. Bd3 Bd6 13. Ndf3 O-O 14. Qd1 c5
15. Ng6 Rf7 16. Ng5 Rd7 17. Nxe6 Qe8 18. Bxf5 Bxf4 19. Nexf4 Rf7 20. Be6
Nc6 21. Bxf7+ Qxf7 22. h5 Ne4 23. dxc5 Rd8 24. cxb6 axb6 25. Qg4 Bc8 26.
Qe2 Bf5 27. Nh4 Bc8 28. Rd1 Ne5 29. Nf3 Nc4 30. Ng6 Bg4 31. Qxc4 Rd6 32.
Rxd5 Rxd5 33. Qxd5 Qxd5 34. Ne7+ Kf7 35. Nxd5 Bxf3 36. gxf3 Ng5 37. Ke2 b5
38. Nc7 g6 39. hxg6+ Kxg6 40. Nxb5 h5 41. a4 h4 42. a5 h3 43. a6 Ne6 44.
Rxh3 Nd8 45. a7 Nc6 46. a8=Q Nd4+ 47. cxd4 Kf6 48. Qc6+ Kg5 49. Qh6+ Kf5
50. Nd6# { Black checkmated } 1-0

[Event "ICC tourney 2517 (60 10)"]
[Site "Internet Chess Club"]
[Date "2021.04.17"]
[Round "2"]
[White "NAKADA, JOHJI DAVID:turtlemasterjo"]
[Black "IGEL, LIAH:ilikegoose"]
[Result "1-0"]
[ICCResult "Black resigns"]
[WhiteElo "1624"]
[BlackElo "1493"]
[Opening "Vienna gambit"]
[ECO "C29"]
[NIC "VG.04"]
[Time "13:28:41"]
[PlyCount "57"]
[TimeControl "3600+10"]

1. e4 e5 2. Nc3 Nf6 3. f4 exf4 4. d4 Bb4 5. Bd3 d5 6. e5 Ne4 7. Bxe4 dxe4
8. Bxf4 c5 9. d5 Qa5 10. Ne2 Bg4 11. O-O Bxc3 12. bxc3 O-O 13. h3 Bxe2 14.
Qxe2 Qxc3 15. Qxe4 Re8 16. Rad1 Nd7 17. Rd3 Qxc2 18. Qf5 Rxe5 19. Qxd7 Qxd3
20. Bxe5 Qe3+ 21. Kh1 f6 22. Qe6+ Kh8 23. Rxf6 Rg8 24. Rf7 Qg5 25. Rxg7
Qxg7 26. Bxg7+ Rxg7 27. Qe8+ Rg8 28. Qe5+ Rg7 29. d6 { Black resigns } 1-0

[Event "ICC tourney 2517 (60 10)"]
[Site "Internet Chess Club"]
[Date "2021.04.17"]
[Round "2"]
[White "Gyorgy, Zalan:z88"]
[Black "BROWN, MADISON:USChessNinja"]
[Result "1-0"]
[ICCResult "Black checkmated"]
[WhiteElo "1418"]
[BlackElo "1740"]
[Opening "Sicilian: Prins (Moscow) variation"]
[ECO "B55"]
[NIC "SI.01"]
[Time "13:28:58"]
[PlyCount "79"]
[TimeControl "3600+10"]

1. e4 c5 2. Nf3 d6 3. d4 cxd4 4. Nxd4 Nf6 5. f3 g6 6. c4 Bg7 7. Nc3 O-O 8.
Be3 Nc6 9. Be2 a6 10. O-O e6 11. Bg5 Qb6 12. Be3 e5 13. Nc2 Qd8 14. Qd2 Nh5
15. Rad1 Qh4 16. Bg5 Bh6 17. Bxh6 Nf4 18. Bxf8 Kxf8 19. g3 Qg5 20. Kh1 Bh3
21. Rg1 Ne6 22. Qxg5 Nxg5 23. g4 Ne6 24. Rxd6 Nf4 25. Ne3 Nd4 26. Re1 b5
27. Ned5 bxc4 28. Nxf4 Nxe2 29. Nfxe2 f5 30. exf5 gxf5 31. Rf6+ Kg7 32.
Rxf5 Rb8 33. Ng1 Rxb2 34. Nxh3 Rc2 35. Nd5 Rxa2 36. Rfxe5 c3 37. Nxc3 Ra3
38. Nd5 a5 39. Re7+ Kh6 40. R1e6# { Black checkmated } 1-0

[Event "ICC tourney 2517 (60 10)"]
[Site "Internet Chess Club"]
[Date "2021.04.17"]
[Round "2"]
[White "SHERIF, SAMEER:SAsameer"]
[Black "PUPPALLA, PRANAY:checkmate1823"]
[Result "0-1"]
[ICCResult "White checkmated"]
[WhiteElo "1428"]
[BlackElo "1703"]
[Opening "Queen's pawn: London system"]
[ECO "A45"]
[NIC "QP.07"]
[Time "13:28:48"]
[PlyCount "68"]
[TimeControl "3600+10"]

1. d4 Nf6 2. Bf4 d6 3. Nf3 g6 4. e3 Bg7 5. Bd3 Nc6 6. Nbd2 Nd7 7. h4 e5 8.
Bh2 exd4 9. Nxd4 Nxd4 10. exd4 Bxd4 11. c3 Bg7 12. Qe2+ Qe7 13. Qxe7+ Kxe7
14. O-O-O Ne5 15. Rhe1 Kf8 16. Bxe5 Bxe5 17. Nf3 Bf6 18. Ng5 h6 19. Nf3 Bg4
20. Re3 Kg7 21. Rde1 Bxf3 22. Rxf3 Bxh4 23. Re4 Bg5+ 24. Kc2 Rhe8 25. Rb4
Rab8 26. Bc4 Re7 27. Kd3 c6 28. Bb3 Rbe8 29. Rh3 b5 30. Bc2 a5 31. Rd4 c5
32. Rxd6 Re2 33. Re3 Bxe3 34. fxe3 R8xe3# { White checkmated } 0-1

[Event "ICC tourney 2517 (60 10)"]
[Site "Internet Chess Club"]
[Date "2021.04.17"]
[Round "2"]
[White "HUANG, KYLAN Z:KylanHuang"]
[Black "Wen, Kally:kwen2008"]
[Result "1-0"]
[ICCResult "Black resigns"]
[WhiteElo "1890"]
[BlackElo "1720"]
[Opening "Scotch game"]
[ECO "C45"]
[NIC "SO.05"]
[Time "13:28:30"]
[PlyCount "61"]
[TimeControl "3600+10"]

1. e4 e5 2. Nf3 Nc6 3. d4 exd4 4. Nxd4 Bc5 5. Nxc6 bxc6 6. Bd3 d5 7. exd5
cxd5 8. O-O Nf6 9. Re1+ Be7 10. Qe2 Be6 11. Bb5+ Bd7 12. b3 c6 13. Ba3 Ne4
14. Bd3 Bxa3 15. Nxa3 O-O 16. Bxe4 dxe4 17. Qxe4 Re8 18. Qb4 Qc7 19. Rad1
Rad8 20. Nc4 Be6 21. Nd6 Re7 22. Re3 a5 23. Qc5 Bg4 24. f3 Rxe3 25. Qxe3
Be6 26. Qc5 h6 27. Rd4 Bd5 28. Rxd5 Qe7 29. Ne4 Qe8 30. Rxd8 Qxd8 31. Qd6 {
Black resigns } 1-0

[Event "ICC tourney 2517 (60 10)"]
[Site "Internet Chess Club"]
[Date "2021.04.17"]
[Round "2"]
[White "CHAKRAVARTY, ARITRO:aritroc"]
[Black "ZHUGE, KATHERINE:FlowingMelody"]
[Result "1-0"]
[ICCResult "Black checkmated"]
[WhiteElo "1881"]
[BlackElo "1428"]
[Opening "Catalan: closed, 5.Nf3"]
[ECO "E06"]
[NIC "CA.04"]
[Time "13:28:32"]
[PlyCount "87"]
[TimeControl "3600+10"]

1. d4 d5 2. c4 e6 3. Nf3 Be7 4. g3 Nf6 5. Bg2 O-O 6. O-O b6 7. b3 Bb7 8.
Bb2 Nbd7 9. Nc3 dxc4 10. bxc4 c5 11. d5 exd5 12. cxd5 Nb8 13. e4 Ba6 14.
Re1 Bb7 15. d6 Qxd6 16. Qxd6 Bxd6 17. e5 Be7 18. exf6 Bxf6 19. Rad1 Nc6 20.
Na4 Bxb2 21. Nxb2 Rad8 22. Nc4 Nb4 23. a3 Nc2 24. Rxd8 Rxd8 25. Rc1 Be4 26.
Kh1 b5 27. Nfe5 Bxg2+ 28. Kxg2 Nd4 29. Na5 c4 30. Nac6 Nxc6 31. Nxc6 Rd3
32. Nxa7 Rxa3 33. Nxb5 Rb3 34. Rxc4 g6 35. Nd4 Rd3 36. h4 Kg7 37. Nf3 f5
38. Rc7+ Kh6 39. Ng5 Kh5 40. Kh3 h6 41. Rh7 f4 42. Nf7 Rxg3+ 43. fxg3 fxg3
44. Rxh6# { Black checkmated } 1-0

[Event "ICC tourney 2517 (60 10)"]
[Site "Internet Chess Club"]
[Date "2021.04.17"]
[Round "2"]
[White "CAO, KAYLEE:K624"]
[Black "LODH, ANJALI:ChessHawk8"]
[Result "0-1"]
[ICCResult "White checkmated"]
[WhiteElo "1299"]
[BlackElo "1584"]
[Opening "Sicilian: closed"]
[ECO "B24"]
[NIC "SI.44"]
[Time "13:28:48"]
[PlyCount "62"]
[TimeControl "3600+10"]

1. e4 c5 2. Nc3 Nc6 3. g3 g6 4. Bg2 Bg7 5. Nge2 d6 6. d3 Nf6 7. Be3 O-O 8.
Qd2 Ng4 9. Bg5 Nd4 10. h3 Nxe2 11. Qxe2 Ne5 12. Qd2 Re8 13. O-O Bxh3 14.
Bh6 Bxg2 15. Kxg2 Bh8 16. Rh1 Qd7 17. f4 Ng4 18. f5 Bf6 19. Qf4 gxf5 20.
exf5 Qc6+ 21. Ne4 Ne5 22. Kf2 c4 23. Bg5 cxd3 24. Nxf6+ exf6 25. Bxf6 Qxc2+
26. Kg1 Qc5+ 27. Kf1 Ng6 28. fxg6 fxg6 29. Qh6 Qf5+ 30. Kg2 Re2+ 31. Kg1
Qf2# { White checkmated } 0-1

[Event "ICC tourney 2517 (60 10)"]
[Site "Internet Chess Club"]
[Date "2021.04.17"]
[Round "2"]
[White "POWERS, COLDEN REED:TheChessKid90"]
[Black "CHAN, JADEN J:acushemama"]
[Result "1-0"]
[ICCResult "Black checkmated"]
[WhiteElo "1820"]
[BlackElo "1522"]
[Opening "QGD: 4.Bg5 Be7"]
[ECO "D53"]
[NIC "QO.13"]
[Time "13:28:49"]
[PlyCount "143"]
[TimeControl "3600+10"]

1. d4 d5 2. c4 e6 3. Nc3 Nf6 4. Bg5 Be7 5. Nf3 c6 6. e3 h6 7. Bf4 Nbd7 8.
Bd3 b6 9. O-O O-O 10. Rc1 Bb7 11. Re1 Rc8 12. cxd5 cxd5 13. a3 Nh5 14. Bg3
Nxg3 15. hxg3 Re8 16. Qe2 Bf6 17. Nb5 Qe7 18. Nxa7 Ra8 19. Nb5 Rac8 20. Na7
Ra8 21. Nc6 Qd6 22. Bb5 Rec8 23. Nb4 Rc7 24. Rxc7 Qxc7 25. Nd3 Qd6 26. Rc1
Ra5 27. a4 Ba6 28. b4 Rxb5 29. axb5 Bxb5 30. Nfe1 Bc4 31. Qc2 b5 32. Nc5
Nxc5 33. bxc5 Qc6 34. Nd3 g6 35. Nb2 e5 36. Nxc4 dxc4 37. Qd2 exd4 38. exd4
Bg5 39. f4 Bf6 40. Kf1 Qe4 41. Re1 Qd5 42. Rb1 Qc6 43. Qb4 Qe4 44. Rd1 Bxd4
45. Qxb5 Qe3 46. Rxd4 Qxd4 47. Qe8+ Kg7 48. Qe5+ Qxe5 49. fxe5 Kf8 50. Ke2
Ke7 51. Kd2 Ke6 52. c6 Ke7 53. Kc3 Kd8 54. Kxc4 Kc7 55. Kc5 h5 56. Kd5 g5
57. Kc5 g4 58. Kd5 Kc8 59. Kd6 Kd8 60. c7+ Kc8 61. Ke7 Kxc7 62. Kxf7 Kd8
63. e6 Kc8 64. e7 Kc7 65. e8=Q h4 66. gxh4 g3 67. Qe6 Kd8 68. Qe7+ Kc8 69.
Ke6 Kb8 70. Kd6 Ka8 71. Kc6 Kb8 72. Qb7# { Black checkmated } 1-0

[Event "ICC tourney 2517 (60 10)"]
[Site "Internet Chess Club"]
[Date "2021.04.17"]
[Round "2"]
[White "CHEUNG, RYAN:H2ODerp"]
[Black "SLATER, DANIL:danilattack"]
[Result "1-0"]
[ICCResult "Black resigns"]
[WhiteElo "2076"]
[BlackElo "1700"]
[Opening "Sicilian: closed, 2...Nc6"]
[ECO "B23"]
[NIC "SI.44"]
[Time "13:28:50"]
[PlyCount "65"]
[TimeControl "3600+10"]

1. e4 c5 2. Nc3 Nc6 3. Bb5 g6 4. Bxc6 bxc6 5. d3 Bg7 6. f4 d6 7. Nf3 e5 8.
fxe5 dxe5 9. Be3 Qa5 10. Nd2 Be6 11. Nb3 Bxb3 12. axb3 Qc7 13. O-O Nf6 14.
Bxc5 Nd7 15. Ba3 Bf8 16. Bxf8 Rxf8 17. Kh1 Nc5 18. b4 Ne6 19. b5 f5 20. Ra6
Nd4 21. exf5 Nxf5 22. Rxc6 Qf7 23. Ne4 Qe7 24. Qe1 Rb8 25. g4 Nd4 26. Nf6+
Rxf6 27. Rcxf6 Rxb5 28. Rf8+ Qxf8 29. Rxf8+ Kxf8 30. c3 Nc6 31. b4 Rd5 32.
c4 Rxd3 33. Qf1+ { Black resigns } 1-0

[Event "ICC tourney 2517 (60 10)"]
[Site "Internet Chess Club"]
[Date "2021.04.17"]
[Round "2"]
[White "OH, JAMES Y:lemon365"]
[Black "MERCHANT, AENEAS:Aeneas"]
[Result "1-0"]
[ICCResult "Black resigns"]
[WhiteElo "2023"]
[BlackElo "1685"]
[Opening "Sicilian: Kan variation"]
[ECO "B41"]
[NIC "SI.41"]
[Time "13:28:49"]
[PlyCount "121"]
[TimeControl "3600+10"]

1. e4 c5 2. Nf3 e6 3. d4 cxd4 4. Nxd4 a6 5. g3 Bc5 6. Nb3 Ba7 7. Bg2 Nc6 8.
O-O Nge7 9. c4 d6 10. Qe2 O-O 11. Rd1 Qc7 12. Na3 Rd8 13. Be3 Bxe3 14. Qxe3
b6 15. Qe2 Bb7 16. Nc2 Rac8 17. Ne3 Ne5 18. Rac1 Nd7 19. Rd4 Nc5 20. Nxc5
dxc5 21. Rxd8+ Rxd8 22. f4 Nc6 23. b3 Nd4 24. Qf2 Bc6 25. Re1 Qd7 26. Ng4
f6 27. h4 Qc7 28. Nh2 Qb7 29. h5 b5 30. h6 g6 31. Ng4 Kf7 32. Kh2 Rf8 33.
Kh3 Kg8 34. e5 Bxg2+ 35. Qxg2 Qxg2+ 36. Kxg2 fxe5 37. Nxe5 Nf5 38. Nd7 Rd8
39. Nf6+ Kf7 40. Nxh7 Nxh6 41. Ng5+ Kg8 42. Rxe6 Rd2+ 43. Kf3 Nf5 44. Rxg6+
Kh8 45. Rxa6 Nd4+ 46. Kg4 bxc4 47. bxc4 Rc2 48. Kh5 Kg8 49. Kg6 Kf8 50.
Ra8+ Ke7 51. f5 Nxf5 52. Kxf5 Rxc4 53. Ne4 Kd7 54. Ra5 Kc6 55. Rxc5+ Rxc5+
56. Nxc5 Kxc5 57. g4 Kb4 58. g5 Ka3 59. g6 Kxa2 60. g7 Ka1 61. g8=Q { Black
resigns } 1-0

[Event "ICC tourney 2517 (60 10)"]
[Site "Internet Chess Club"]
[Date "2021.04.17"]
[Round "2"]
[White "Xiao, Michael:michaelxiao"]
[Black "REDDY, TANVI CHINTHAGUNTA:tcrgm"]
[Result "1-0"]
[ICCResult "Black checkmated"]
[WhiteElo "1272"]
[BlackElo "1564"]
[Opening "French: exchange variation"]
[ECO "C01"]
[NIC "FR.01"]
[Time "13:28:37"]
[PlyCount "75"]
[TimeControl "3600+10"]

1. e4 e6 2. d4 d5 3. exd5 exd5 4. Nf3 Nf6 5. Be2 Bd6 6. Bg5 Be6 7. Nc3 Nbd7
8. a4 c6 9. O-O O-O 10. Bd3 Re8 11. Re1 Bg4 12. h3 Rxe1+ 13. Qxe1 Bxf3 14.
gxf3 Qb6 15. Qd2 Kh8 16. Rb1 Qxd4 17. Kh1 Re8 18. Rg1 Nh5 19. Rg4 Qe5 20.
f4 Qd4 21. Rh4 g6 22. Kg2 c5 23. f5 Qe5 24. f4 Qd4 25. fxg6 hxg6 26. Nb5
Qg7 27. Nxd6 Re6 28. Nxb7 Rb6 29. Nd8 f6 30. Bxg6 Qxg6 31. Qe2 fxg5 32.
Rxh5+ Kg8 33. Rxg5 Qxg5+ 34. fxg5 Nf8 35. Qe8 Rg6 36. Qf7+ Kh8 37. Qxf8+
Rg8 38. Qh6# { Black checkmated } 1-0

[Event "ICC tourney 2517 (60 10)"]
[Site "Internet Chess Club"]
[Date "2021.04.17"]
[Round "2"]
[White "Kulkarni, Tanush:TeeKay2020"]
[Black "MERCHANT, PENELOPE:TweensGambit"]
[Result "1-0"]
[ICCResult "Black checkmated"]
[WhiteElo "1732"]
[BlackElo "1342"]
[Opening "Sicilian: Richter-Rauzer, 6...e6"]
[ECO "B62"]
[NIC "SI.27"]
[Time "13:28:39"]
[PlyCount "73"]
[TimeControl "3600+10"]

1. e4 c5 2. Nf3 d6 3. d4 cxd4 4. Nxd4 Nf6 5. Nc3 Nc6 6. Bg5 e6 7. Be2 Be7
8. Be3 e5 9. Nb3 Be6 10. O-O O-O 11. f3 Qd7 12. Nd5 Bxd5 13. exd5 Nb4 14.
c4 Na6 15. Nd2 Nc7 16. Ne4 b5 17. Nxf6+ Bxf6 18. Rc1 Rac8 19. c5 dxc5 20.
Bxc5 Rfd8 21. d6 Ne8 22. Qd3 Bg5 23. Rc2 Qe6 24. Rc3 Bf6 25. Rcc1 Nxd6 26.
Bxd6 Rxc1 27. Rxc1 Qxd6 28. Qxb5 Qd2 29. Rd1 Qe3+ 30. Kf1 Rxd1+ 31. Bxd1 h6
32. Qe8+ Kh7 33. Bc2+ g6 34. Qxf7+ Bg7 35. Bxg6+ Kh8 36. Qe8+ Bf8 37. Qxf8#
{ Black checkmated } 1-0

[Event "ICC tourney 2517 (60 10)"]
[Site "Internet Chess Club"]
[Date "2021.04.17"]
[Round "2"]
[White "Sheppard, Henry Saadi:henrysaadi"]
[Black "Mairaj, Morgan Kenzo:Morganito"]
[Result "0-1"]
[ICCResult "White checkmated"]
[WhiteElo "1388"]
[BlackElo "1822"]
[Opening "QGD semi-Slav"]
[ECO "D43"]
[NIC "SL.03"]
[Time "13:28:58"]
[PlyCount "114"]
[TimeControl "3600+10"]

1. d4 d5 2. c4 c6 3. Nc3 Nf6 4. Nf3 e6 5. Bg5 Be7 6. e3 O-O 7. Bd3 dxc4 8.
Bxc4 b5 9. Bd3 Bb7 10. O-O a6 11. Ne4 Nxe4 12. Bxe7 Qxe7 13. Bxe4 Nd7 14.
Rc1 Rac8 15. Qc2 f5 16. Bd3 c5 17. Qd1 cxd4 18. Nxd4 Rxc1 19. Qxc1 Rc8 20.
Qd1 Ne5 21. Be2 Qg5 22. Bf3 Nxf3+ 23. Nxf3 Qe7 24. Nd4 Rd8 25. Qb3 Bd5 26.
Qc3 Qg5 27. f3 b4 28. Qd3 e5 29. Nxf5 Bxf3 30. Qxd8+ Qxd8 31. Rxf3 g6 32.
Nh6+ Kg7 33. Ng4 Qd1+ 34. Kf2 Qd2+ 35. Kg3 e4 36. Rf2 Qd6+ 37. Kh3 h5 38.
Nf6 Qe6+ 39. Kg3 Qe5+ 40. Kh3 Qg5 41. Ne8+ Kh6 42. Rf4 Qe7 43. Nf6 Qe6+ 44.
g4 g5 45. Rf5 hxg4+ 46. Nxg4+ Kh5 47. Nf6+ Kg6 48. Ng4 Qxf5 49. Kg2 Qxg4+
50. Kh1 Qf3+ 51. Kg1 Qxe3+ 52. Kh1 Qf3+ 53. Kg1 e3 54. h4 Qf2+ 55. Kh1 e2
56. h5+ Kxh5 57. b3 e1=Q# { White checkmated } 0-1

[Event "ICC tourney 2517 (60 10)"]
[Site "Internet Chess Club"]
[Date "2021.04.17"]
[Round "2"]
[White "LIANG, JASON:Jupiter435"]
[Black "NICHOLSON, IAN:outpost"]
[Result "1-0"]
[ICCResult "Black resigns"]
[WhiteElo "2384"]
[BlackElo "1819"]
[Opening "Sicilian defense"]
[ECO "B40"]
[NIC "SI.43"]
[Time "13:28:39"]
[PlyCount "79"]
[TimeControl "3600+10"]

1. e4 c5 2. Nf3 e6 3. g3 Nf6 4. e5 Nd5 5. Bg2 Nc6 6. O-O Qc7 7. Re1 a6 8.
Nc3 Nxc3 9. dxc3 Be7 10. Bf4 b6 11. Qd2 Bb7 12. Rad1 Rd8 13. h4 b5 14. a3
Na5 15. b3 Bd5 16. Bg5 h6 17. Bxe7 Kxe7 18. Qf4 Bxf3 19. Bxf3 d6 20. exd6+
Rxd6 21. a4 Rc8 22. Ra1 Nc6 23. axb5 axb5 24. Bh5 f6 25. Qe3 Ne5 26. Ra2
Nd7 27. Bg4 Ne5 28. Be2 Rb6 29. Rea1 Rcb8 30. Bf1 Nd7 31. Bg2 g5 32. Ra7
Qc8 33. Qd3 f5 34. Rd1 R8b7 35. Rxb7 Rxb7 36. Qd6+ Ke8 37. Qxe6+ Kd8 38.
Qg8+ Kc7 39. Qxc8+ Kxc8 40. Bxb7+ { Black resigns } 1-0

[Event "ICC tourney 2517 (60 10)"]
[Site "Internet Chess Club"]
[Date "2021.04.17"]
[Round "2"]
[White "Kashyap, Mahati B:mnm1"]
[Black "TAI, EMILY:ETfhonehome"]
[Result "1-0"]
[ICCResult "Black resigns"]
[WhiteElo "1580"]
[BlackElo "1297"]
[Opening "Scandinavian defense"]
[ECO "B01"]
[NIC "SD.03"]
[Time "13:28:51"]
[PlyCount "97"]
[TimeControl "3600+10"]

1. e4 d5 2. exd5 Nf6 3. Nc3 Nxd5 4. Nxd5 Qxd5 5. d4 Nc6 6. Be3 Bf5 7. Nf3
e6 8. c3 O-O-O 9. Qa4 f6 10. Bb5 Kb8 11. c4 Qe4 12. d5 Bb4+ 13. Kf1 exd5
14. Bxc6 Qxc4+ 15. Kg1 Qxc6 16. Qxb4 Be4 17. Nd4 Qd6 18. Qxd6 Rxd6 19. f3
Bg6 20. Kf2 Rb6 21. Nb3 Rd6 22. Rac1 b6 23. Rhd1 Kb7 24. Bf4 Rd7 25. a4 a5
26. Nd4 Re8 27. Nb5 c6 28. Nd6+ Rxd6 29. Bxd6 Re6 30. Bf8 f5 31. Bxg7 c5
32. Rxd5 Re7 33. Bh6 Kc6 34. Rcd1 Kc7 35. Re1 Rxe1 36. Kxe1 Kc6 37. Rd2 b5
38. axb5+ Kxb5 39. g4 fxg4 40. fxg4 a4 41. h4 Kc4 42. Bg7 Kb3 43. Rd6 a3
44. bxa3 Kxa3 45. Rxg6 hxg6 46. h5 gxh5 47. gxh5 c4 48. h6 Kb3 49. h7 {
Black resigns } 1-0

[Event "ICC tourney 2517 (60 10)"]
[Site "Internet Chess Club"]
[Date "2021.04.17"]
[Round "2"]
[White "Ng, Timothy:timothyng2007"]
[Black "KISLAY, KAUSTUBH:MehPlayer"]
[Result "1/2-1/2"]
[ICCResult "Game drawn by repetition"]
[WhiteElo "1801"]
[BlackElo "1430"]
[Opening "Sicilian: accelerated fianchetto, modern variation"]
[ECO "B34"]
[NIC "SI.33"]
[Time "13:28:50"]
[PlyCount "122"]
[TimeControl "3600+10"]

1. e4 c5 2. Nf3 Nc6 3. d4 cxd4 4. Nxd4 g6 5. Nc3 Bg7 6. Be3 Nf6 7. f3 O-O
8. Qd2 d5 9. exd5 Nxd5 10. Nxc6 bxc6 11. Nxd5 cxd5 12. c3 e5 13. Rd1 Bb7
14. Be2 Qc7 15. O-O Rfd8 16. Rc1 Qd6 17. Rfd1 Qe6 18. Bg5 Qb6+ 19. Kh1 Re8
20. c4 d4 21. c5 Qc6 22. Bd3 f5 23. Bh6 Rad8 24. Bxg7 Kxg7 25. Qb4 a6 26.
Qb6 Qxb6 27. cxb6 Rc8 28. Kg1 e4 29. fxe4 fxe4 30. Be2 e3 31. Rc7+ Rxc7 32.
bxc7 Rc8 33. Rc1 h5 34. g4 Kh6 35. Rc4 h4 36. Kf1 a5 37. Ke1 Kg7 38. g5 h3
39. Bg4 d3 40. Bxc8 d2+ 41. Ke2 Bf3+ 42. Kxf3 d1=Q+ 43. Kxe3 Qe1+ 44. Kd3
Qd1+ 45. Kc3 Qc1+ 46. Kb3 a4+ 47. Kb4 Qxb2+ 48. Kxa4 Qxa2+ 49. Kb5 Qb3+ 50.
Kc5 Qe3+ 51. Kc6 Qf3+ 52. Kc5 Qe3+ 53. Kb5 Qb3+ 54. Kc5 Qe3+ 55. Kd5 Qf3+
56. Re4 Qd3+ 57. Rd4 Qb3+ 58. Rc4 Qd3+ 59. Rd4 Qb3+ 60. Ke5 Qe3+ 61. Kd5
Qb3+ { Game drawn by repetition } 1/2-1/2